 Dungeon Crawl Stone Soup version 0.22-a0-443-g17c3723931 (webtiles) character file.

2825 Oravi the Martial Artist (level 9, -1/71 HPs)
             Began as a Merfolk Transmuter on May 31, 2018.
             Was a Follower of Ashenzari.
             Slain by a killer bee (5 damage)
             ... on level 7 of the Dungeon.
             The game lasted 00:18:41 (7005 turns).

Oravi the Martial Artist (Merfolk Transmuter)       Turns: 7005, Time: 00:18:41

Health: -1/71      AC:  4    Str: 10    XL:     9   Next: 73%
Magic:  12/12      EV: 16    Int: 16    God:    Ashenzari [*.....]
Gold:   481        SH:  0    Dex: 14    Spells: 7/12 levels left

rFire    . . .     SeeInvis .     - Unarmed
rCold    + . .     Gourm    .   (no shield)
rNeg     . . .     Faith    .   f - +0 leather armour {rC+} (curse)
rPois    .         Spirit   .   (no helmet)
rElec    .         Reflect  .   (no cloak)
rCorr    .         Harm     .   y - +0 pair of gloves (curse)
MR       .....                  (no boots)
Stlth    +.........             k - amulet of magic regeneration
HPRegen  0.21/turn              v - ring of wizardry
MPRegen  0.38/turn              (no ring)

@: confused, lethally poisoned (-1 -> -32), flying
A: change form in water, swift swim, stealthy swim
a: Curse Item, Scrying, Renounce Religion


You were on level 7 of the Dungeon.
You worshipped Ashenzari.
Ashenzari was aware of your devotion.
You were hungry.

You visited 2 branches of the dungeon, and saw 9 of its levels.

You collected 481 gold pieces.

Inventory:

Missiles
 a - 146 arrows
Armour
 b - a +1 robe
 f - a cursed +0 leather armour of cold resistance (worn)
 j - a +0 shield
 s - a +0 helmet
 y - a cursed +0 pair of gloves (worn)
Magical Staves
 z - an uncursed staff of death
 A - an uncursed staff of summoning
Jewellery
 k - an amulet of magic regeneration (around neck)
 v - a ring of wizardry (left hand)
Wands
 q - a wand of random effects (51)
 r - a wand of iceblast (12)
 x - a wand of scattershot (3)
Scrolls
 e - 7 scrolls of identify
 h - 4 scrolls of teleportation
 i - 2 scrolls of enchant weapon
 l - a scroll of fog
 o - a scroll of amnesia
 B - a scroll of magic mapping {unknown}
Potions
 g - a potion of invisibility
 m - a potion of mutation
 t - 2 potions of haste
 u - 5 potions of lignification
 w - a potion of flight
Comestibles
 c - 11 chunks of flesh
 d - 16 rations


   Skills:
 + Level 6.5 Fighting
 + Level 8.3 Dodging
 * Level 9.9 Unarmed Combat
 - Level 2.0 Spellcasting
 - Level 6.0 Transmutations
 - Level 3.0 Poison Magic


You had 7 spell levels left.
You knew the following spells:

 Your Spells              Type           Power        Failure   Level  Hunger
a - Spider Form           Tmut/Pois      ###.......   5%          3    ###....
b - Sticks to Snakes      Tmut           ###.....     1%          2    ###....

Your spell library contained the following spells:

 Spells                   Type           Power        Failure   Level  Hunger
 Blade Hands              Tmut           ###.......   26%         5    ######.
 Ice Form                 Ice/Tmut       ##......     32%         4    #####..
 Beastly Appendage        Tmut           ###...       1%          1    #......


Dungeon Overview and Level Annotations

Branches:
Dungeon (8/15)             Temple (1/1) D:7
   Lair: D:8-11

Altars:
Ashenzari
Cheibriados
Dithmenos
Elyvilon
Fedhas
Gozag
Hepliaklqana
Kikubaaqudgha
Makhleb
Nemelex Xobeh
Okawaru
Qazlal
Ru
Sif Muna
Trog
Uskayaw
Vehumet
Wu Jian
Xom
Yredelemnul
Zin
The Shining One

Annotations:
D:2 1 runed door


Message History

The killer bee stings you.
* * * LOW HITPOINT WARNING * * *
You hit the killer bee.
The killer bee is moderately wounded.
* * * LOW HITPOINT WARNING * * *
You feel sick. The killer bee closely misses you. The bat closely misses you.
The killer bee stings you!
* * * LOW HITPOINT WARNING * * *
You are more poisoned.
The killer bee poisons you! The bat hits you but does no damage.
The killer bee barely misses you.
You bump into the rock wall.
* * * LOW HITPOINT WARNING * * *
You feel very sick. The bat hits you.
* * * LOW HITPOINT WARNING * * *
The bat completely misses you.
The killer bee stings you but does no damage.
The killer bee stings you.
You die...

# #.........[)####### ####.#### #
#####.............# ##...## #
#..####.#####.# ####.#.#.## #
#.......# #.# #.........# #
#>..##..# #.# #.##.#.#..# #
####...##..#####.# #.###...#.#
####...........b....# #.# ##.##.#
...............y.##.###.####.##.#
####.........###@#...#...........
####...##.# #by......#######.#
#...##.#####...##.# #.#
#.............###.# #.#
######.######.###.# #.#
#............#######.#
########..........##.#
##########.##.# #.##.#


You could see 2 killer bees and 2 bats.

Vanquished Creatures
  A hippogriff (D:7)
  Eustachio (D:6)
  A water moccasin (D:7)
  An orc warrior (D:7)
  3 ice beasts
  A phantom (D:5)
  2 ogres (D:7)
  A centaur (D:8)
  A big kobold (D:7)
  4 bullfrogs
  A gnoll sergeant (D:8)
  3 scorpions
  3 killer bees (D:8)
  A howler monkey (D:7)
  A crimson imp (D:8)
  A bullfrog zombie (D:7)
  2 hounds
  2 jellies
  2 orc wizards (D:5)
  5 orc priests
  2 iguanas
  7 worker ants
  15 gnolls
  5 adders
  2 shadow imps (D:5)
  4 oozes
  An adder skeleton (D:8)
  2 worms
  A dart slug (D:2)
  4 leopard geckos
  28 orcs
  4 giant cockroaches
  6 goblins
  8 hobgoblins
  17 jackals
  10 kobolds
  4 quokkas
  3 ball pythons
  18 bats
  4 frilled lizards
  4 rats
186 creatures vanquished.

Vanquished Creatures (others)
  A giant cockroach (D:1)
1 creature vanquished.

Grand Total: 187 creatures vanquished

Notes
Turn   | Place    | Note
-------+----------+-------------------------------------------
     0 | D:1      | Oravi the Merfolk Transmuter began the quest for the Orb.
     0 | D:1      | Reached XP level 1. HP: 15/15 MP: 3/3
   131 | D:1      | Reached XP level 2. HP: 11/21 MP: 3/5
  1171 | D:2      | Reached XP level 3. HP: 22/26 MP: 6/6
  1175 | D:2      | Learned a level 2 spell: Sticks to Snakes
  1179 | D:2      | Learned a level 3 spell: Spider Form
  1265 | D:2      | Reached skill level 1 in Poison Magic
  1270 | D:2      | Reached skill level 5 in Transmutations
  1275 | D:2      | Reached XP level 4. HP: 12/32 MP: 7/7
  1641 | D:2      | Found a shimmering altar of Xom.
  1852 | D:2      | Reached XP level 5. HP: 31/37 MP: 8/8
  1901 | D:2      | Found a runed door.
  2513 | D:3      | Found a white marble altar of Elyvilon.
  2836 | D:4      | Reached skill level 4 in Unarmed Combat
  2836 | D:4      | Reached XP level 6. HP: 44/44 MP: 7/9
  3139 | D:4      | Found an ancient bone altar of Kikubaaqudgha.
  3140 | D:4      | Found a hazy altar of Hepliaklqana.
  3140 | D:4      | Found a blossoming altar of Fedhas.
  3142 | D:4      | Found a shattered altar of Ashenzari.
  3149 | D:4      | Became a worshipper of Ashenzari the Shackled
  3438 | D:4      | Reached XP level 7. HP: 51/51 MP: 10/10
  3451 | D:4      | Reached skill level 5 in Unarmed Combat
  3470 | D:4      | Found a bloodstained altar of Trog.
  3740 | D:5      | Entered Level 5 of the Dungeon
  4115 | D:5      | Reached skill level 5 in Dodging
  4115 | D:5      | Reached skill level 6 in Unarmed Combat
  4502 | D:5      | Reached * piety under Ashenzari
  4639 | D:5      | Found a stormy altar of Qazlal.
  4720 | D:6      | Reached XP level 8. HP: 44/60 MP: 8/11
  4960 | D:6      | Found an iron altar of Okawaru.
  4968 | D:6      | Noticed Eustachio
  4982 | D:6      | Killed Eustachio
  4982 | D:6      | Reached skill level 7 in Unarmed Combat
  5584 | D:7      | Reached skill level 5 in Fighting
  5627 | D:7      | Reached skill level 8 in Unarmed Combat
  5651 | D:7      | Found a staircase to the Ecumenical Temple.
  5666 | Temple   | Entered the Ecumenical Temple
  5799 | D:7      | Reached XP level 9. HP: 53/68 MP: 12/12
  6176 | D:7      | Found an iron altar of Okawaru.
  6226 | D:7      | Reached skill level 9 in Unarmed Combat
  6479 | D:7      | Identified the +3 chain mail of Disappointment {*Drain +Inv rF++ Dex+4} (You found it on level 7 of the Dungeon)
  6998 | D:8      | HP: 2/71 [killer bee (8)]
  7005 | D:7      | Slain by a killer bee

Vault maps used:
D:1:      dpeg_arrival_rhombi, lemuel_old_faithful
D:2:      overflow_temple_1_default, minmay_vboxes, uniq_crazy_yiuf_cottage
D:3:      lemuel_round_altar, minivault_4, hangedman_abyss_or_decor_stabs,
          minmay_quantized
D:4:      bloody_trog, chequers_temple_overflow_statue_of_worship
D:5:      grunt_qazlal_clouds, first_ration
D:6:      basic_altar, small_statue_intersection, kennysheep_generic_room_10,
          uniq_eustachio
D:7:      kennysheep_mini, minmay_temple_entry_overgrown, grunt_ogre_cave
D:8:      roderic_batcave, lemuel_blue_sif_altar
Temple:   cyrus_circular_temple

Skill      XL: |  1  2  3  4  5  6  7  8  9 |
---------------+----------------------------+-----
Transmutations | 3 4 5 6 |  6.0
Poison Magic   | 1 2 3 |  3.0
Dodging        | 3 4 5 7 8 |  8.3
Unarmed Combat | 4 6 8 9 |  9.9
Fighting       | 2 3 5 6 |  6.5
Spellcasting   | |  2.0

Action                   |  1- 3 |  4- 6 |  7- 9 || total
-------------------------+-------+-------+-------++-------
Melee: Unarmed           |   102 |   198 |   296 ||   596
       Headbutt          |     4 |       |       ||     4
       Punch             |       |       |     1 ||     1
 Cast: Beastly Appendage |    14 |       |       ||    14
       Spider Form       |     3 |    31 |    42 ||    76
Invok: Curse Item        |       |       |     2 ||     2
  Use: Scroll            |       |       |    14 ||    14
       Potion            |       |       |     4 ||     4
 Stab: Sleeping          |       |     2 |     2 ||     4
  Eat: Chunk             |     1 |    12 |    17 ||    30
Armor: Robe              |    18 |     3 |       ||    21
       Skin              |     2 |    13 |     8 ||    23
       Leather armour    |       |       |    10 ||    10
Dodge: Dodged            |   100 |   150 |   295 ||   545

Table legend:
 A = Spawn XP
 B = Non-spawn XP
 C = Spawn XP percentage of total XP
 D = Spawn monster count
 E = Non-spawn monster count
 F = Spawn count percentage of total count
 G = Total turns spent on level
                    A         B        C        D         E        F      G
               +---------+---------+-------+---------+---------+-------+---------
         Total |       0 |    4036 |   0.0 |       0 |     186 |   0.0 |  7005
               +---------+---------+-------+---------+---------+-------+---------
           D:1 |       0 |      28 |   0.0 |       0 |      18 |   0.0 |   985
           D:2 |       0 |     141 |   0.0 |       0 |      33 |   0.0 |  1096
           D:3 |       0 |      68 |   0.0 |       0 |      27 |   0.0 |   711
           D:4 |       0 |     433 |   0.0 |       0 |      27 |   0.0 |   975
           D:5 |       0 |     611 |   0.0 |       0 |      21 |   0.0 |  1145
           D:6 |       0 |     582 |   0.0 |       0 |      17 |   0.0 |   611
           D:7 |       0 |    1509 |   0.0 |       0 |      26 |   0.0 |  1159
           D:8 |       0 |     664 |   0.0 |       0 |      17 |   0.0 |   262
               +---------+---------+-------+---------+---------+-------+---------
